 Dungeon Crawl Stone Soup version 0.26-a0-597-gb535b0901c (webtiles) character file.

Game seed: 6830300960645266391

10015 HoaS the Cruncher (level 11, 0/83 HPs)
             Began as a Formicid Fighter on Aug 29, 2020.
             Was an Elder of Makhleb.
             Slain by an eight-headed hydra (5 damage)
             ... on level 1 of the Lair of Beasts.
             The game lasted 00:23:05 (10376 turns).

HoaS the Cruncher (Formicid Fighter)               Turns: 10376, Time: 00:23:05

Health: 0/83       AC: 13    Str: 24    XL:     11   Next: 85%
Magic:  0/11       EV: 12    Int:  8    God:    Makhleb [****..]
Gold:   753        SH: 13    Dex: 10    Spells: 10/10 levels left

rFire    . . .     SeeInvis +   a - +1 quarterstaff
rCold    . . .     Faith    .   c - +1 kite shield
rNeg     . . .     Spirit   +   u - +0 plate armour
rPois    .         Reflect  .   (helmet unavailable)
rElec    .         Harm     .   (no cloak)
rCorr    .                      (no gloves)
MR       +....                  (no boots)
Stlth    ..........             r - amulet of guardian spirit
HPRegen  0.23/turn              i - +4 ring of slaying
MPRegen  0.12/turn              s - +4 ring of evasion

@: no status effects
A: permanent stasis, dig shafts and tunnels, four strong arms, antennae 3
a: Dig, Shaft Self, Minor Destruction, Lesser Servant of Makhleb, Major
Destruction, Renounce Religion


You were on level 1 of the Lair of Beasts.
You worshipped Makhleb.
Makhleb was greatly pleased with you.
You visited 3 branches of the dungeon, and saw 12 of its levels.
You also visited: Sewer.

You collected 753 gold pieces.

Inventory:

Hand Weapons
 a - a +1 quarterstaff (weapon)
Armour
 c - a +1 kite shield (worn)
 u - a +0 plate armour (worn)
Jewellery
 b - a +4 ring of protection
 e - an uncursed ring of ice
 i - a +4 ring of slaying (left hand)
 p - an uncursed ring of stealth
 r - an amulet of guardian spirit (around neck)
 s - a +4 ring of evasion (right hand)
 t - an uncursed ring of resist corrosion
 x - a +6 ring of dexterity
 B - a +4 ring of protection
Wands
 m - a wand of paralysis (14)
 v - a wand of polymorph (12)
 y - a wand of random effects (23)
 A - a wand of disintegration (10)
Scrolls
 f - 5 scrolls of fog
 g - 2 scrolls of enchant armour
 h - 9 scrolls of remove curse
 l - 6 scrolls of identify
 n - 2 scrolls of fear
Potions
 d - a potion of might
 j - 4 potions of curing
 k - 2 potions of heal wounds
 o - a potion of lignification
 q - a potion of flight
 w - a potion of invisibility
 z - 2 potions of cancellation
 C - 9 potions of ambrosia


   Skills:
 + Level 6.6 Fighting
 - Level 14.0 Staves
 + Level 6.7 Armour
 + Level 4.6 Dodging
 - Level 10.6 Shields


You had 10 spell levels left.
You didn't know any spells.
Your spell library contained the following spells:

 Spells                   Type           Power        Failure   Level
 Shock                    Conj/Air       #...         99%         1
 Static Discharge         Conj/Air       #.......     100%        3
 Airstrike                Air            #.........   100%        4
 Lightning Bolt           Conj/Air       #.........   100%        5
 Swiftness                Air            Unusable     N/A         2

Dungeon Overview and Level Annotations

Branches:
Dungeon (10/15)            Temple (1/1) D:5            Lair (1/6) D:10
  Sewer (visited)
    Orc: D:9-12

Altars:
Ashenzari
Cheibriados
Dithmenos
Elyvilon
Fedhas
Gozag
Hepliaklqana
Kikubaaqudgha
Makhleb
Nemelex Xobeh
Okawaru
Qazlal
Ru
Sif Muna
Trog
Uskayaw
Vehumet
Wu Jian
Xom
Yredelemnul
Zin
The Shining One


Innate Abilities, Weirdness & Mutations

You cannot be hasted, slowed, berserked, paralysed or teleported.
You can dig through walls and to a lower floor.
Your four strong arms can wield two-handed weapons with a shield.
You have a pair of large antennae on your head. (SInv)


Message History

The eight-headed hydra is severely wounded.
The eight-headed hydra bites you!
You block the eight-headed hydra's attack. x2
The eight-headed hydra bites you but does no damage.
The eight-headed hydra bites you.
The eight-headed hydra bites you but does no damage.
The eight-headed hydra bites you.
The eight-headed hydra closely misses you.
You hit the eight-headed hydra.
The eight-headed hydra is severely wounded.
Your plate armour prevents you from hitting the eight-headed hydra.
The eight-headed hydra is severely wounded.
You block the eight-headed hydra's attack.
The eight-headed hydra barely misses you.
The eight-headed hydra bites you. The eight-headed hydra bites you!
* * * LOW HITPOINT WARNING * * *
The eight-headed hydra bites you!
* * * LOW HITPOINT WARNING * * *
The eight-headed hydra bites you.
You die...

..... .........
......#.........
........#........
.................
...............#.
.................
.................
.........<.......
.......#@##..####
.......D## ##
........#
........#
........#
.......#. .......
# ....... .......


You could see an eight-headed hydra.

Vanquished Creatures
  A fire dragon (D:10)
  A queen bee (D:10)
  2 trolls
  A hornet (D:9)
  Grinder (D:6)
  Prince Ribbit (D:5)
  2 hippogriffs (D:9)
  A wyvern (D:10)
  8 yaks (D:10)
  Eustachio (D:6)
  Menkaure (D:7)
  The ghost of Lanoc the Skirmisher, an amateur TrDe (D:5)
  2 sky beasts
  An orc warrior (D:8)
  3 ice beasts
  4 phantoms
  A black bear (D:8)
  7 ogres
  5 necrophages
  4 centaurs
  A big kobold (D:4)
  2 bullfrogs
  2 wyvern skeletons
  A water moccasin skeleton (D:8)
  31 killer bees
  2 scorpions
  4 wights
  5 howler monkeys
  A centaur zombie (D:10)
  A quasit (D:9)
  A jelly (D:8)
  2 bullfrog skeletons
  5 hounds
  2 centaur skeletons
  4 orc wizards
  4 worker ants
  2 iguanas
  A hound zombie (D:7)
  A mummy (D:7)
  8 gnolls
  13 adders
  A river rat (D:3)
  2 shadow imps (D:8)
  2 white imps
  2 ufetubi
  2 oozes (D:3)
  An adder zombie (D:7)
  2 adder skeletons
  A worm (D:3)
  2 dart slugs (D:1)
  A leopard gecko (D:7)
  23 orcs
  4 giant cockroaches
  10 goblins
  8 hobgoblins
  12 jackals
  3 quokkas
  5 ball pythons
  2 bats
  2 frilled lizards
  34 kobolds
  A quokka skeleton (D:5)
  3 quokka zombies
  9 rats
273 creatures vanquished.

Vanquished Creatures (others)
  55 plants
55 creatures vanquished.

Grand Total: 328 creatures vanquished

Notes
Turn   | Place    | Note
-------+----------+-------------------------------------------
     0 | D:1      | HoaS the Formicid Fighter began the quest for the Orb.
     0 | D:1      | Reached XP level 1. HP: 18/18 MP: 1/1
   175 | D:1      | Reached XP level 2. HP: 24/24 MP: 2/2
   432 | D:1      | Reached XP level 3. HP: 29/29 MP: 3/3
   723 | D:1      | Reached skill level 3 in Staves
  1231 | D:2      | Found a hazy altar of Hepliaklqana.
  1237 | D:2      | Reached XP level 4. HP: 30/35 MP: 4/4
  1373 | D:2      | Found a bloodstained altar of Trog.
  1434 | D:2      | Found a glowing golden altar of the Shining One.
  1439 | D:2      | Found a basalt altar of Yredelemnul.
  1441 | D:2      | Noticed a profane servitor
  1649 | D:2      | Noticed an angel
  1681 | D:3      | Found a shimmering altar of Xom.
  1694 | D:3      | Reached skill level 4 in Staves
  1697 | D:3      | Reached XP level 5. HP: 26/41 MP: 5/5
  1717 | D:3      | Found a glowing drain.
  1866 | Sewer    | Entered a sewer
  1949 | Sewer    | Reached skill level 5 in Shields
  2556 | D:3      | Reached XP level 6. HP: 44/47 MP: 6/6
  2853 | D:3      | Reached skill level 5 in Staves
  2974 | D:3      | Found a shadowy altar of Dithmenos.
  3433 | D:4      | Reached XP level 7. HP: 49/52 MP: 7/7
  3902 | D:4      | Reached skill level 6 in Staves
  4190 | D:4      | Found a sparkling altar of Nemelex Xobeh.
  4269 | D:5      | Entered Level 5 of the Dungeon
  4280 | D:5      | Found an iron altar of Okawaru.
  4366 | D:5      | Found a staircase to the Ecumenical Temple.
  4379 | Temple   | Entered the Ecumenical Temple
  4455 | Temple   | Became a worshipper of Makhleb the Destroyer
  4616 | D:5      | Found a transporter.
  4616 | D:5      | Noticed Lanoc's ghost (amateur TrDe)
  4639 | D:5      | Found a transporter.
  4662 | D:5      | Reached skill level 11 in Staves
  4662 | D:5      | Reached skill level 10 in Shields
  4662 | D:5      | Reached XP level 8. HP: 46/58 MP: 8/8
  4710 | D:5      | Reached skill level 12 in Staves
  5136 | D:5      | Found an opulent altar of Gozag.
  5184 | D:5      | Reached XP level 9. HP: 64/64 MP: 9/9
  5202 | D:5      | Killed Lanoc's ghost
  5581 | D:6      | Noticed Grinder
  5593 | D:6      | Killed Grinder
  5593 | D:6      | Reached * piety under Makhleb
  6054 | D:6      | Noticed Prince Ribbit
  6076 | D:5      | Killed Prince Ribbit
  6219 | D:6      | Noticed Eustachio
  6234 | D:6      | Killed Eustachio
  6234 | D:6      | Reached skill level 13 in Staves
  6574 | D:7      | Noticed a troll
  6582 | D:7      | Killed a troll
  6593 | D:7      | Reached XP level 10. HP: 52/70 MP: 10/10
  6776 | D:7      | Found a shimmering altar of Xom.
  6864 | D:7      | Noticed Menkaure
  6883 | D:7      | Killed Menkaure
  7092 | D:7      | Reached ** piety under Makhleb
  7269 | D:7      | Found a hide-covered altar of Uskayaw.
  7302 | D:7      | Found a sparkling altar of Nemelex Xobeh.
  7426 | D:8      | Reached skill level 14 in Staves
  7494 | D:8      | Found a shattered altar of Ashenzari.
  7621 | D:8      | Reached skill level 1 in Dodging
  8208 | D:9      | Found a white marble altar of Elyvilon.
  8380 | D:9      | Reached XP level 11. HP: 76/78 MP: 9/11
  9257 | D:10     | Entered Level 10 of the Dungeon
  9358 | D:10     | Reached *** piety under Makhleb
  9358 | D:10     | Reached skill level 5 in Fighting
  9358 | D:10     | Reached skill level 5 in Armour
  9601 | D:10     | Found a staircase to the Lair.
  9601 | D:10     | Noticed a fire dragon
  9622 | D:10     | Killed a fire dragon
 10114 | D:10     | Reached **** piety under Makhleb
 10351 | Lair:1   | Entered Level 1 of the Lair of Beasts
 10361 | Lair:1   | Noticed an eight-headed hydra
 10376 | Lair:1   | Slain by an eight-headed hydra

Illustrated notes

Levels and vault maps discovered:
D:1:      lightli_arrival_statuegarden, layout_loops_corners,
          chequers_serial_rivers_micro_a, minmay_bisected
D:2:      layout_loops_ring, grunt_temple_overflow_holy_war, bloody_trog,
          old_standard_altar
D:3:      layout_basic, grunt_dithmenos_smoke, portal_sewer_entry_b,
          xom_teletrap_fun
D:4:      kennysheep_kobold_camp, layout_basic, nemelex_spade_bored_becter
D:5:      layout_basic, okawaru_metal_pillars_1_2, kennysheep_mini,
          temple_green, gammafunk_ghost_mausoleum
D:6:      layout_layer_cave, chequers_decorated_corner, uniq_prince_ribbit1,
          uniq_grinder, uniq_eustachio
D:7:      hangedman_cross_stitches, layout_rooms, lemuel_round_altar,
          overflow_temple_1_default, kennysheep_mini_moat, serial_undead,
          serial_undead_c, serial_undead_c, serial_undead_a, serial_undead_e,
          uniq_menkaure
D:8:      layout_cave_pools, evilmike_ruin_ashenzari
D:9:      layout_layer_cave, nicolae_overflow_crystal_walls,
          minmay_misc_feat_more_columns
D:10:     layout_loops_ring, minmay_lair_entry_lava, special_room
          [special_room_bee]
Temple:   eino_temple_lava
Lair:1:   beast_lair_carwin_large_3, layout_hall_layers, minivault_25

Skill      XL: |  1  2  3  4  5  6  7  8  9 10 11 |
---------------+----------------------------------+-----
Shields        | 4 5 10 | 10.6
Staves         | 3 4 5 11 12 13 14 | 14.0
Dodging        | 2 4 |  4.6
Fighting       | 4 6 |  6.6
Armour         | 4 6 |  6.7

Action                   |  1- 3 |  4- 6 |  7- 9 | 10-12 || total
-------------------------+-------+-------+-------+-------++-------
Melee: Quarterstaff      |    86 |   159 |   221 |   496 ||   962
 Abil: Dig               |       |     3 |     2 |     6 ||    11
  Use: Scroll            |     7 |     4 |    10 |     9 ||    30
       Potion            |     1 |       |     2 |     1 ||     4
Armor: Scale mail        |    27 |       |       |       ||    27
       Chain mail        |     2 |    63 |    57 |    23 ||   145
       Plate armour      |       |       |       |    52 ||    52
Dodge: Dodged            |    21 |    33 |    38 |    91 ||   183
Block: Kite shield       |    35 |    82 |   119 |   225 ||   461

Table legend: (Time is in decaauts)
 A = Elapsed time spent in this place.
 B = Non-inter-level travel time spent in this place.
 C = Inter-level travel time spent in this place.
 D = Time resting spent in this place.
 E = Time spent auto-exploring this place.
 F = Levels seen in this place.
 G = Mean time per level.
                   A        B        C        D        E       F      G
               +--------+--------+--------+--------+--------+-----+--------+
         Total |  10247 |   9944 |    303 |   1480 |   6576 |  13 |  788.2 |
       Dungeon |   9428 |   9126 |    302 |   1480 |   5970 |  10 |  942.8 |
        Temple |     84 |     84 |      0 |      0 |     64 |   1 |   84.0 |
          Lair |     20 |     20 |      0 |      0 |      2 |   1 |   20.0 |
         Sewer |    713 |    713 |      0 |      0 |    540 |   1 |  713.0 |
               +--------+--------+--------+--------+--------+-----+--------+

Top non-repeatable levels by time:
     D:9: 1220 daAuts
     D:6: 1096 daAuts
     D:5: 1062 daAuts
     D:3: 1058 daAuts
     D:4: 986 daAuts
    D:10: 961 daAuts
     D:1: 867 daAuts
     D:2: 823 daAuts
     D:7: 784 daAuts
   Sewer: 713 daAuts
     D:8: 566 daAuts
  Temple: 84 daAuts
  Lair:1: 20 daAuts
